 Dungeon Crawl Stone Soup version 0.26-a0-695-g987792ac36 (webtiles) character file.

Game seed: 16462313214283915299

119 somkeydreadnuts the Digger (level 5, -6/28 HPs)
             Began as a Gargoyle Earth Elementalist on Oct 26, 2020.
             Killed by divine providence
             ... invoked by an orc priest
              (16 damage)
             ... on level 4 of the Dungeon.
             The game lasted 00:07:55 (2875 turns).

somkeydreadnuts the Digger (GrEE)                   Turns: 2875, Time: 00:07:57

Health: -6/28      AC:  9    Str: 12    XL:     5   Next: 3%
Magic:  8/8        EV:  5    Int: 16    God:
Gold:   116        SH: 10    Dex: 10    Spells: 8/9 levels left

rFire    . . .     SeeInvis .   i - +0 short sword (venom)
rCold    . . .     Faith    .   k - +0 tower shield
rNeg     + . .     Spirit   .   e - +0 ring mail
rPois    ∞         Reflect  .   (no helmet)
rElec    +         Harm     .   (no cloak)
rCorr    .         Rampage  .   (no gloves)
MR       .....                  (no boots)
Stlth    +.........             (no amulet)
HPRegen  0.09/turn              (no ring)
MPRegen  0.11/turn              (no ring)

@: no status effects
A: negative energy resistance 1, electricity resistance, unbreathing,
petrification resistance, rot immunity, AC +4
a: no special abilities


You were on level 4 of the Dungeon.
You visited 1 branch of the dungeon, and saw 4 of its levels.

You collected 116 gold pieces.

Inventory:

Hand Weapons
 i - a +0 short sword of venom (weapon)
Missiles
 b - 33 stones (quivered)
Armour
 c - a +0 robe
 e - a +0 ring mail (worn)
 k - a +0 tower shield (worn)
Scrolls
 d - a scroll of remove curse
 f - a scroll of identify {unknown}
 g - a scroll of teleportation {unknown}
 h - a scroll of magic mapping {unknown}
Potions
 a - a potion of curing {unknown}
 j - a potion of heal wounds {unknown}
 l - a potion of invisibility {unknown}
 m - a potion of flight {unknown}
 n - a potion of brilliance {unknown}


   Skills:
 - Level 0.2 Fighting
 + Level 0.5 Short Blades
 + Level 0.2 Armour
 - Level 1.6 Dodging
 - Level 2.4 Stealth
 + Level 0.2 Shields
 - Level 1.1 Unarmed Combat
 - Level 2.5 Spellcasting
   Level 0.7 Transmutations
 + Level 5.5 Earth Magic


You had 8 spell levels left.
You knew the following spells:

 Your Spells              Type           Power        Failure   Level
a - Sandblast             Erth           ###...       75%         1

Your spell library contained the following spells:

 Spells                   Type           Power        Failure   Level
 Passwall                 Tmut/Erth      ##......     99%         2
 Stone Arrow              Conj/Erth      ##....       100%        3
 Petrify                  Tmut/Erth      ##......     100%        4
 Lee's Rapid Deconstruct  Erth           ###.......   100%        5


Dungeon Overview and Level Annotations

Branches:
Dungeon (3/15)

Altars:
Hepliaklqana
Okawaru
Wu Jian


Innate Abilities, Weirdness & Mutations

You are resistant to torment.
Your stone body is resilient. (AC +4)
You are immune to poison.
You resist negative energy. (rN+)
You are resistant to electric shocks. (rElec)
You can survive without breathing.
You are immune to petrification.
You are immune to rotting.


Message History

The gnoll is severely wounded.
The gnoll hits you with a +0 club.
You closely miss the gnoll.
The gnoll is severely wounded.
The gnoll hits you but does no damage.
The orc priest begins to cast a cantrip, but forgets the words!
You hit the gnoll.
You kill the gnoll!
You have reached level 5!
The orc priest begins to cast a cantrip, but forgets the words!
You barely miss the adder. The adder bites you but does no damage.
You block the adder's attack.
You hit the gnoll.
The gnoll is heavily wounded.
The adder barely misses you. The gnoll hits you but does no damage.
The adder bites you but does no damage.
The orc priest calls down the wrath of Beogh upon you.
Beogh smites you!
Ouch! That really hurt!
You die...

.......####
..#.......# o
..........## ..?
...........###....
................##
#...........[....
#........g##..#.##
#........@Soo.....
##.......###.#....
#.>........ # .
#............
#..............
...........####
..........##
.........#.


You could see an orc priest, a gnoll, an adder and an orc.

Vanquished Creatures
  A hound (D:4)
  A gnoll (D:4)
  An adder (D:2)
  2 oozes
  3 worms (D:2)
  A dart slug (D:1)
  A ball python (D:2)
  7 bats
  A giant cockroach (D:1)
  7 hobgoblins
  8 jackals (D:1)
  A quokka (D:2)
  A frilled lizard (D:1)
  6 goblins
  5 kobolds (D:1)
  6 rats (D:1)
52 creatures vanquished.

Vanquished Creatures (others)
  A plant (D:1)
1 creature vanquished.

Grand Total: 53 creatures vanquished

Notes
Turn   | Place    | Note
-------+----------+-------------------------------------------
     0 | D:1      | somkeydreadnuts the Gargoyle Earth Elementalist began the
                  | quest for the Orb.
     0 | D:1      | Reached XP level 1. HP: 10/10 MP: 3/3
   442 | D:1      | Reached XP level 2. HP: 13/15 MP: 5/5
   795 | D:1      | Reached skill level 4 in Earth Magic
  1168 | D:1      | Reached XP level 3. HP: 19/19 MP: 2/6
  1341 | D:1      | Reached skill level 1 in Unarmed Combat
  2038 | D:2      | Found an ornate altar of the Wu Jian Council.
  2141 | D:2      | Reached XP level 4. HP: 24/24 MP: 3/7
  2343 | D:2      | Found an iron altar of Okawaru.
  2423 | D:2      | Reached skill level 5 in Earth Magic
  2723 | D:3      | Found a hazy altar of Hepliaklqana.
  2857 | D:3      | You fall into a shaft and drop 1 floor!
  2873 | D:4      | Reached XP level 5. HP: 10/28 MP: 8/8
  2875 | D:4      | Killed from afar by an orc priest

Illustrated notes

Levels and vault maps discovered:
D:1:      onia_arrival_mini_maze_b, layout_loops_corners
D:2:      minmay_door_path, layout_rooms, overflow_temple_1_default,
          okawaru_ov_weapons_minmay
D:3:      layout_basic, lemuel_coloured_pillars_altar,
          overflow_temple_1_default, led_sif_book, minmay_misc_feat_nine_boxes,
          minmay_misc_feat_rows
D:4:      layout_rooms, tso_altar

Skill      XL: |  1  2  3  4 |
---------------+-------------+-----
Earth Magic    | 4 5 |  5.5
Unarmed Combat | 1 |  1.1
Fighting       | |  0.2
Short Blades   | |  0.5
Armour         | |  0.2
Dodging        | |  1.6
Stealth        | |  2.4
Shields        | |  0.2
Spellcasting   | |  2.5
Transmutations | |  0.7

Action                   |  1- 3 |  4- 6 || total
-------------------------+-------+-------++-------
Melee: Unarmed           |    96 |       ||    96
       Short sword       |    10 |    25 ||    35
 Cast: Sandblast         |    43 |     6 ||    49
  Use: Scroll            |       |     1 ||     1
 Stab: Sleeping          |     1 |     1 ||     2
Armor: Robe              |    30 |     3 ||    33
       Ring mail         |       |    16 ||    16
       Skin              |       |     1 ||     1
Dodge: Dodged            |    73 |    15 ||    88
Block: Tower shield      |       |    12 ||    12

Table legend: (Time is in decaauts)
 A = Elapsed time spent in this place.
 B = Non-inter-level travel time spent in this place.
 C = Inter-level travel time spent in this place.
 D = Time resting spent in this place.
 E = Time spent auto-exploring this place.
 F = Levels seen in this place.
 G = Mean time per level.
                   A        B        C        D        E       F      G
               +--------+--------+--------+--------+--------+-----+--------+
         Total |   2879 |   2813 |     66 |      0 |   2060 |   4 |  719.8 |
       Dungeon |   2879 |   2813 |     66 |      0 |   2060 |   4 |  719.8 |
               +--------+--------+--------+--------+--------+-----+--------+

Top non-repeatable levels by time:
     D:1: 2035 daAuts
     D:2: 685 daAuts
     D:3: 137 daAuts
     D:4: 20 daAuts
